 Dungeon Crawl Stone Soup version 0.29.1-12-g30fa7ad0bf (webtiles) character file.

Game seed: 12480200904822749187

128 MisterFreud the Twirler (level 5, -10/38 HPs)
             Began as a Formicid Gladiator on Dec 28, 2022.
             Mangled by Pikel
             ... wielding a +2 whip of freezing
              (12 damage)
             ... on level 4 of the Dungeon.
             The game lasted 00:02:47 (3714 turns).

MisterFreud the Twirler (Formicid Gladiator)        Turns: 3714, Time: 00:02:47

Health: -10/38     AC:  3    Str: 19 (20) XL:     5   Next: 34%
Magic:  5/5        EV: 12    Int:  6 (8)  God:
Gold:   197        SH:  0    Dex: 12 (15) Spells: 4/4 levels left

rFire   . . .      SeeInvis +   a - +0 quarterstaff
rCold   . . .      Faith    .   (no shield)
rNeg    . . .      Spirit   .   b - +0 leather armour
rPois   .          Reflect  .   (helmet unavailable)
rElec   .          Harm     .   (no cloak)
rCorr   .          Rampage  .   (no gloves)
Will    .....                   (no boots)
Stlth   +.........              (no amulet)
HPRegen 0.12/turn               (no ring)
MPRegen 0.09/turn               (no ring)

@: no status effects
A: permanent stasis, dig shafts and tunnels, antennae 3, four strong arms
a: Dig, Shaft Self


You were on level 4 of the Dungeon.
You visited 2 branches of the dungeon, and saw 5 of its levels.

You collected 197 gold pieces.

Inventory:

Hand Weapons
 a - a +0 quarterstaff (weapon)
Missiles
 c - 3 throwing nets (quivered)
 d - a javelin
Armour
 b - a +0 leather armour (worn)
 l - a scarf of invisibility
Jewellery
 k - a ring of resist corrosion
Potions
 f - 5 potions of curing
 g - a potion of ambrosia
 m - a potion of lignification {unknown}


   Skills:
 - Level 2.1 Fighting
 + Level 5.6 Staves
 - Level 2.0 Throwing
 - Level 2.6 Dodging


You had 4 spell levels left.
You didn't know any spells.
Your spell library contained the following spells:

 Spells                   Type           Power      Damage    Failure   Level
 Static Discharge         Conj/Air       0%         3-3/arc   65%         2
 Lightning Bolt           Conj/Air       0%         1d11      100%        5
 Maxwell's Capacitive Co  Air            0%         ∞         100%        8


Dungeon Overview and Level Annotations

Branches:
Dungeon (4/15)             Temple (1/1) D:4

Altars:
Ashenzari
Dithmenos
Hepliaklqana
Kikubaaqudgha
Makhleb
Nemelex Xobeh
Qazlal
Ru
Sif Muna
Trog
Vehumet
Xom
Zin

Shops:
D:1 =

Annotations:
D:4 Pikel


Innate Abilities, Weirdness & Mutations

You cannot be hasted, slowed, berserked, paralysed or teleported.
You can dig through walls and to a lower floor.
You have a pair of large antennae on your head. (SInv)
Your four strong arms can wield two-handed weapons with a shield.


Message History

You sock the lemure!
You kill the lemure!
That felt strangely unrewarding.
There is a staircase back to the Dungeon here.
HP restored.
Found a hazy altar of Hepliaklqana and a bloodstained altar of Trog.
Found a glowing silver altar of Zin.
You open the door.
Found a shimmering altar of Xom.
There is an open door here.
Found a radiant altar of Vehumet and a stormy altar of Qazlal.
As you open the door, it creaks loudly!
Found a sacrificial altar of Ru.
Found a burning altar of Makhleb.
There is an open door here.
Found an ancient bone altar of Kikubaaqudgha.
As you open the door, it creaks loudly!
There is an open door here.
As you open the door, it creaks loudly!
Found a shadowy altar of Dithmenos.
Found a sparkling altar of Nemelex Xobeh.
You open the door.
Found a shimmering blue altar of Sif Muna.
There is an open door here.
Found a broken altar of Ashenzari.
Done exploring.
Done exploring.
Unknown command.
There is an open door here.
There is a staircase back to the Dungeon here.
You climb upwards.
Welcome back to the Dungeon!
Level annotation: Pikel The orc shouts!
Pikel barely misses you. The lemure hits you! The lemure hits you.
The lemure hits you! The lemure hits you. The white imp gestures at you.
The puff of frost hits you!
* * * LOW HITPOINT WARNING * * *
Pikel hits you with a +2 whip of freezing!
You die...

#### ......### ###
#.......### ..#
####.......... ..##
#...........!.
...########.#.#.#.#.#...
#.................[.....
#...#######.#.......#.##
#......[........5.......
#...##.###..#..K@...#.#.
..#.# .........555....#
###.######..#...O...#...
'.......................
###'######..#.#.#.#.#.##
#.....## #..........$o#
#..)†..###÷#..'.......#
#........#.#.##........
#.....##...#.#.......$


You could see Pikel, an ogre, 3 lemures, a white imp and an orc.

Vanquished Creatures
  A lemure (Temple)
  An iguana (D:4)
  4 adders (D:2)
  2 dart slugs
  3 orcs
  6 ball pythons
  7 endoplasms
  2 giant cockroaches
  6 goblins
  5 hobgoblins
  3 quokkas
  2 bats (D:2)
  4 frilled lizards
  4 kobolds
  10 rats
60 creatures vanquished.

Notes
Turn   | Place    | Note
-------+----------+-------------------------------------------
     0 | D:1      | MisterFreud the Formicid Gladiator began the quest for the
                  | Orb.
     0 | D:1      | Reached XP level 1. HP: 16/16 MP: 1/1
    38 | D:1      | Reached XP level 2. HP: 22/22 MP: 2/2
   854 | D:1      | Reached skill level 4 in Staves
   854 | D:1      | Reached XP level 3. HP: 25/27 MP: 3/3
  1304 | D:1      | Found Lybridd's Jewellery Emporium.
  1838 | D:2      | Reached XP level 4. HP: 27/33 MP: 4/4
  2244 | D:2      | Reached skill level 5 in Staves
  2470 | D:2      | Found a faded altar of an unknown god.
  3185 | D:3      | Reached XP level 5. HP: 36/38 MP: 5/5
  3212 | D:3      | You fall into a shaft and drop 1 floor!
  3486 | D:4      | Found a staircase to the Ecumenical Temple.
  3502 | D:4      | Noticed a lemure
  3504 | D:4      | Noticed Pikel
  3504 | D:4      | Noticed a lemure
  3505 | D:4      | Noticed a lemure
  3506 | D:4      | Noticed a lemure
  3507 | D:4      | Noticed an ogre
  3509 | Temple   | Entered the Ecumenical Temple
  3541 | Temple   | Killed a lemure
  3714 | D:4      | Mangled by Pikel

Illustrated notes

Levels and vault maps discovered:
D:1:      evilmike_arrival_plus, layout_basic, serial_shops,
          nicolae_lakefront_shop, minmay_misc_feat_nine_boxes
D:2:      layout_loops_ring, ebering_ecumenical_altar_box,
          minmay_rat_gold_closets
D:3:      layout_rooms, portal_sewer_entry_b
D:4:      layout_basic, lemuel_zombie_altar_yredelemnul,
          grunt_temple_overflow_cloverleaf, minmay_temple_entry_glass,
          serial_shops, nicolae_stop_n_shop_2, uniq_pikel
Temple:   nicolae_temple_god_jail

Skill      XL: |  1  2  3  4 |
---------------+-------------+-----
Staves         | 4 5 |  5.6
Fighting       | |  2.1
Throwing       | |  2.0
Dodging        | |  2.6

Action                   |  1- 3 |  4- 6 || total
-------------------------+-------+-------++-------
Melee: Quarterstaff      |    84 |   128 ||   212
 Abil: Shaft Self        |       |     1 ||     1
  Use: Scroll            |     2 |     3 ||     5
       Potion            |       |     4 ||     4
 Stab: Sleeping          |     3 |     3 ||     6
Armor: Leather armour    |    14 |    33 ||    47
Dodge: Dodged            |    52 |    86 ||   138
